 Dungeon Sprint DCSS version 0.29-a0-512-gf59ac788ac (webtiles) character file.

Game seed: 8592789878219887499

18776 mhtbhm the Wrestler (level 12, -7/111 HPs)
             Began as a Troll Transmuter on May 29, 2022.
             Was an Initiate of Gozag.
             Mangled by an orc knight
             ... wielding a +0 glaive
              (37 damage)
             ... in the Dungeon (Sprint IX: "|||||||||||||||||||||||||||||").
             The game lasted 00:04:45 (1997 turns).

mhtbhm the Wrestler (Troll Transmuter)              Turns: 1997, Time: 00:04:46

Health: -7/111     AC:  7    Str: 24    XL:     12   Next: 30%
Magic:  23/23      EV: 12    Int: 13    God:    Gozag
Gold:   7246       SH:  0    Dex: 10    Spells: 18/28 levels left

rFire   . . .      SeeInvis .     - Unarmed
rCold   . . .      Faith    .   (no shield)
rNeg    . . .      Spirit   .   a - +0 robe
rPois   .          Reflect  .   (helmet restricted)
rElec   .          Harm     .   k - +0 cloak
rCorr   .          Rampage  .   (gloves unavailable)
Will    .....      NoTele   +   (boots unavailable)
Stlth   ++........              (no amulet)
HPRegen 1.08/turn               l - +2 ring of protection
MPRegen 0.18/turn               m - +3 ring of strength

@: no status effects
A: large, unfitting armour, claws 3, regeneration 1, shaggy fur 1, tough skin 1
a: Renounce Religion, Potion Petition, Call Merchant, Bribe Branch


You were in the Dungeon.
You worshipped Gozag.
Gozag was greatly pleased with you.
You visited 1 branch You collected 7918 gold pieces.
You paid 672 gold pieces to Gozag.

Inventory:

Missiles
 n - 3 poisoned darts
 o - 5 javelins
Armour
 a - a +0 robe (worn)
 k - a +0 cloak (worn)
Jewellery
 l - a +2 ring of protection (left claw)
 m - a +3 ring of strength (right claw)
Wands
 d - a wand of iceblast (3)
 j - a wand of acid (4)
Scrolls
 h - a scroll of blinking
 i - 2 scrolls of amnesia
 t - a scroll of fear
 u - 2 scrolls of enchant armour
 v - 2 scrolls of identify
 w - 2 scrolls of enchant weapon
Potions
 b - a potion of lignification
 c - 6 potions of curing
 e - 2 potions of haste
 f - 4 potions of magic
 g - a potion of invisibility
 p - a potion of mutation
 q - a potion of might
 r - a potion of heal wounds
 s - a potion of resistance


   Skills:
 + Level 5.4 Fighting
 + Level 8.4 Dodging
 + Level 4.3 Stealth
 + Level 22.1 Unarmed Combat
 + Level 8.6 Spellcasting
 + Level 9.3 Transmutations
 + Level 4.5 Ice Magic
 + Level 1.1 Poison Magic
 + Level 2.9 Evocations


You had 18 spell levels left.
You knew the following spells:

 Your Spells              Type           Power      Damage    Failure   Level
a - Beastly Appendage     Tmut           58%        N/A       1%          1
b - Wereblood             Tmut           29%        N/A       1%          2
c - Spider Form           Tmut/Pois      19%        N/A       4%          3
d - Ice Form              Ice/Tmut       23%        N/A       8%          4

Your spell library contained the following spells:

 Spells                   Type           Power      Damage    Failure   Level


Dungeon Overview and Level Annotations

Branches:
Dungeon (1/1)

Altars:
Cheibriados
Dithmenos
Elyvilon
Fedhas
Gozag
Hepliaklqana
Kikubaaqudgha
Makhleb
Nemelex Xobeh
Okawaru
Qazlal
Ru
Sif Muna
Trog
Uskayaw
Vehumet
Wu Jian
Xom
Yredelemnul
Zin
The Shining One
Beogh
Jiyva
Lugonu

Shops:
D ((?!


Innate Abilities, Weirdness & Mutations

You are too large for most types of armour.
You have claws for hands.
Your natural rate of healing is unusually fast.
You are covered in fur. (AC +1)
You have tough skin. (AC +1)


Message History

The orc knight hits you with a +0 battleaxe.
You pummel the orc knight!! You freeze the orc knight!
The orc knight is heavily wounded.
You pummel the orc knight!! You freeze the orc knight.
The orc knight is almost dead.
The orc knight barely misses you.
You closely miss the orc knight.
The orc knight is almost dead.
You pulverise the orc knight!!!
You freeze the orc knight.
You kill the orc knight!
Found Dybruewk's Distillery.
You now have 7196 gold pieces (gained 136).
Things that are here:
a +0 battleaxe; a +0 chain mail
There is an entrance to Kiokkepn's Antique Weapon Emporium here.
You now have 7246 gold pieces (gained 50).
You warm up again.
Your +0 cloak unmelds from your body.
Your +0 robe unmelds from your body.
There is an entrance to Qosya's Antique Weapon Shoppe here.
An orc knight comes into view. It is wielding a +0 battleaxe.
Found 50 gold pieces.
An orc knight comes into view. It is wielding a +0 glaive.
Found 50 gold pieces.
There is an entrance to Momaclud's Magic Scroll Emporium here.
There is an entrance to Dybruewk's Distillery here.
The orc knight shouts!
The orc knight roars a battlecry!
The orc knight goes into a battle-frenzy!
The orc knight roars a battlecry!
The orc knight goes into a battle-frenzy!
The orc knight unwields a +0 battleaxe.
The orc knight wields a +0 arbalest.
The orc knight shoots a bolt.
The bolt hits you!!
The orc knight hits you from afar with a +0 glaive!!
The orc knight unwields a +0 arbalest.
The orc knight wields a +0 battleaxe.
The orc knight hits you with a +0 battleaxe!!!
* * * LOW HITPOINT WARNING * * *
You scratch the orc knight but do no damage.
The orc knight hits you from afar with a +0 glaive!!!
You die...
Your body crumbles into a pile of gold.

▓▓▓▓▓▓▓▓▓▓▓▓▓▓▓▓▓▓▓▓
)'$$$$)∩.∩.∩.∩..@oo+
▓▓▓▓▓▓▓▓▓▓▓▓▓▓▓▓▓▓▓▓▓▓▓▓▓▓▓▓▓▓
.............................▓
▓▓▓▓▓▓▓▓▓▓▓▓▓▓▓▓▓▓▓▓▓▓▓▓▓▓▓▓.▓
..'........(...'..[[[[..'....▓
▓▓▓▓▓▓▓▓▓▓▓▓▓▓▓▓▓▓▓▓▓▓▓▓▓▓▓▓▓▓
...).........................▓
▓▓▓▓▓▓▓▓▓▓▓▓▓▓▓▓▓▓▓▓▓▓▓▓▓▓▓▓.▓
__'..).[.[..)))....').....'..▓


You could see 2 orc knights.

Vanquished Creatures
  2 dire elephants (D)
  A hydra (D)
  2 two-headed ogres (D)
  A catoblepas (D)
  A centaur warrior (D)
  Urug (D)
  6 orc high priests (D)
  8 orc knights (D)
  2 ugly things (D)
  7 elephants (D)
  A gargoyle (D)
  A komodo dragon (D)
  A slime creature (D)
  A hornet (D)
  A yak (D)
  A wyvern (D)
  A vampire mosquito (D)
  6 water moccasins (D)
  11 orc warriors (D)
  2 wolves (D)
  An ice beast (D)
  An ogre (D)
  A kobold brigand (D)
  A scorpion (D)
  4 bullfrogs (D)
  A howler monkey (D)
  5 orc priests (D)
  5 orc wizards (D)
  A gnoll (D)
  3 orcs (D)
  A bat (D)
  A goblin (D)
  A kobold (D)
  A quokka (D)
  A rat (D)
85 creatures vanquished.

Notes
Turn   | Place    | Note
-------+----------+-------------------------------------------
     0 | D        | mhtbhm the Troll Transmuter began the quest for the Orb.
     0 | D        | Reached XP level 1. HP: 18/18 MP: 1/1
    17 | D        | Reached skill level 4 in Unarmed Combat
    32 | D        | Noticed an ice beast
    32 | D        | Noticed a scorpion
    32 | D        | Noticed an ogre
    36 | D        | Reached XP level 2. HP: 26/26 MP: 1/3
    38 | D        | Killed an ice beast
    39 | D        | Reached skill level 7 in Unarmed Combat
    39 | D        | Reached XP level 3. HP: 32/32 MP: 1/6
    39 | D        | Reached XP level 4. HP: 40/40 MP: 1/7
    41 | D        | Killed a scorpion
    42 | D        | Reached skill level 1 in Fighting
    42 | D        | Reached skill level 8 in Unarmed Combat
    42 | D        | Reached XP level 5. HP: 48/48 MP: 1/8
    44 | D        | Killed an ogre
    45 | D        | Reached skill level 9 in Unarmed Combat
    84 | D        | Found a snail-covered altar of Cheibriados.
    84 | D        | Found a shadowy altar of Dithmenos.
    84 | D        | Found a white marble altar of Elyvilon.
    84 | D        | Found a blossoming altar of Fedhas.
    84 | D        | Found an opulent altar of Gozag.
    85 | D        | Found a hazy altar of Hepliaklqana.
    86 | D        | Found a viscous altar of Jiyva.
    87 | D        | Found an ancient bone altar of Kikubaaqudgha.
    88 | D        | Found a corrupted altar of Lugonu.
    89 | D        | Found a burning altar of Makhleb.
    90 | D        | Found a sparkling altar of Nemelex Xobeh.
    91 | D        | Found an iron altar of Okawaru.
    92 | D        | Became a worshipper of Gozag Ym Sagoz the Greedy
    93 | D        | Found a stormy altar of Qazlal.
    94 | D        | Found a sacrificial altar of Ru.
    95 | D        | Found a shimmering blue altar of Sif Muna.
    96 | D        | Found a bloodstained altar of Trog.
    97 | D        | Found a hide-covered altar of Uskayaw.
    98 | D        | Found a radiant altar of Vehumet.
    99 | D        | Found an ornate altar of the Wu Jian Council.
   100 | D        | Found a shimmering altar of Xom.
   101 | D        | Found a basalt altar of Yredelemnul.
   102 | D        | Found a glowing silver altar of Zin.
   103 | D        | Found a glowing golden altar of the Shining One.
   138 | D        | Learned a level 2 spell: Wereblood
   142 | D        | Learned a level 3 spell: Spider Form
   147 | D        | Learned a level 4 spell: Ice Form
   295 | D        | Noticed a gargoyle
   295 | D        | Noticed a two-headed ogre
   295 | D        | Noticed a two-headed ogre
   295 | D        | Noticed a hornet
   301 | D        | Reached XP level 6. HP: 55/55 MP: 3/10
   303 | D        | Killed a gargoyle
   304 | D        | Reached skill level 11 in Unarmed Combat
   304 | D        | Reached XP level 7. HP: 62/62 MP: 4/12
   313 | D        | Killed a two-headed ogre
   314 | D        | Reached skill level 5 in Dodging
   314 | D        | Reached skill level 13 in Unarmed Combat
   314 | D        | Reached skill level 5 in Spellcasting
   314 | D        | Reached skill level 5 in Transmutations
   314 | D        | Reached skill level 1 in Ice Magic
   314 | D        | Reached XP level 8. HP: 72/72 MP: 5/14
   318 | D        | Killed a two-headed ogre
   319 | D        | Reached skill level 14 in Unarmed Combat
   319 | D        | Paralysed by a hornet for 1 turns
   321 | D        | Killed a hornet
   322 | D        | Reached XP level 9. HP: 77/79 MP: 6/16
   491 | D        | Noticed a cyan ugly thing
   491 | D        | Noticed a centaur warrior
   491 | D        | Noticed a brown ugly thing
   501 | D        | Killed a cyan ugly thing
   502 | D        | Reached skill level 15 in Unarmed Combat
   508 | D        | Killed a centaur warrior
   514 | D        | Killed a brown ugly thing
   515 | D        | Reached skill level 1 in Stealth
   515 | D        | Reached skill level 16 in Unarmed Combat
   577 | D        | Noticed Urug
   589 | D        | HP: 2/96 [Urug/+2 demon trident (15)]
   594 | D        | Killed Urug
   595 | D        | Reached XP level 10. HP: 29/89 MP: 13/19
   873 | D        | Reached skill level 17 in Unarmed Combat
  1086 | D        | Noticed a six-headed hydra
  1087 | D        | Noticed an elephant
  1094 | D        | Killed a six-headed hydra
  1096 | D        | Noticed a catoblepas
  1103 | D        | Killed an elephant
  1104 | D        | Reached skill level 18 in Unarmed Combat
  1174 | D        | Killed a catoblepas
  1175 | D        | Reached skill level 1 in Poison Magic
  1186 | D        | Noticed an elephant
  1186 | D        | Noticed an elephant
  1186 | D        | Noticed an elephant
  1186 | D        | Noticed an elephant
  1186 | D        | Noticed a dire elephant
  1186 | D        | Noticed a dire elephant
  1187 | D        | Noticed an elephant
  1189 | D        | Killed an elephant
  1190 | D        | Reached XP level 11. HP: 97/97 MP: 17/21
  1201 | D        | Killed a dire elephant
  1207 | D        | Reached skill level 19 in Unarmed Combat
  1215 | D        | Killed a dire elephant
  1351 | D        | Noticed an orc high priest
  1359 | D        | Noticed an orc knight
  1374 | D        | Killed an orc high priest
  1375 | D        | Reached skill level 20 in Unarmed Combat
  1387 | D        | Killed an orc knight
  1388 | D        | Reached skill level 1 in Evocations
  1540 | D        | Noticed an orc knight
  1552 | D        | Killed an orc knight
  1647 | D        | Found Kiokkepn's Antique Weapon Emporium.
  1647 | D        | Noticed an orc high priest
  1647 | D        | Noticed an orc high priest
  1647 | D        | Noticed an orc knight
  1647 | D        | Noticed an orc high priest
  1647 | D        | Noticed an orc knight
  1648 | D        | Noticed an orc knight
  1651 | D        | Killed an orc high priest
  1652 | D        | Noticed an orc knight
  1656 | D        | Killed an orc high priest
  1657 | D        | Reached skill level 21 in Unarmed Combat
  1667 | D        | Killed an orc knight
  1674 | D        | Killed an orc high priest
  1675 | D        | Reached XP level 12. HP: 43/110 MP: 21/23
  1677 | D        | Reached skill level 5 in Fighting
  1702 | D        | Noticed an orc high priest
  1709 | D        | Killed an orc high priest
  1749 | D        | Noticed an orc high priest
  1948 | D        | Killed an orc high priest
  1949 | D        | Reached skill level 22 in Unarmed Combat
  1974 | D        | Found Qosya's Antique Weapon Shoppe.
  1976 | D        | Found Momaclud's Magic Scroll Emporium.
  1984 | D        | Found Dybruewk's Distillery.
  1997 | D        | Mangled by an orc knight

Illustrated notes

Levels and vault maps discovered:
D:        linesprint [early_d, line_temple, items_1, d_10, items_2, lair_1,
          lair_end, items_3, orc_1, orc_end, items_4, d_15, swamp_1, shoals_1,
          snake_1, spider_1, d_20, vaults_1, items_5, swamp_end, shoals_end,
          snake_end, spider_end, vaults_end, d_27, items_6, zot_1, zot_end,
          crypt_end, forest_end, elf_end, slime_end, tomb_end, abyss_end,
          pan_hell_end]

Skill      XL: |  1  2  3  4  5  6  7  8  9 10 11 12 |
---------------+-------------------------------------+-----
Unarmed Combat | 4 7 8 9 11 13 14 16 18 21 22 | 22.1
Dodging        | 2 3 4 5 6 7 8 |  8.4
Spellcasting   | 2 3 4 5 6 7 8 |  8.6
Transmutations | 2 3 4 5 6 7 8 9 |  9.3
Fighting       | 1 2 3 4 5 |  5.4
Ice Magic      | 1 2 3 4 |  4.5
Stealth        | 1 2 4 |  4.3
Poison Magic   | 1 |  1.1
Evocations     | 1 2 |  2.9

Action                   |  1- 3 |  4- 6 |  7- 9 | 10-12 || total
-------------------------+-------+-------+-------+-------++-------
Melee: Unarmed           |    13 |    13 |    40 |   164 ||   230
       Kick              |     3 |     2 |       |       ||     5
       Headbutt          |     2 |     1 |       |       ||     3
 Cast: Beastly Appendage |     2 |       |       |       ||     2
       Ice Form          |       |     1 |     2 |     8 ||    11
       Wereblood         |       |     1 |     1 |     6 ||     8
       Spider Form       |       |       |     1 |       ||     1
Invok: Potion Petition   |       |       |     1 |       ||     1
Evoke: Wand              |       |       |     1 |    13 ||    14
  Use: Potion            |     1 |       |     3 |     1 ||     5
       Scroll            |       |       |       |     2 ||     2
 Stab: Distracted        |       |       |     2 |     3 ||     5
Armor: Robe              |     4 |     1 |       |       ||     5
       Skin              |       |     2 |     6 |    18 ||    26
Dodge: Dodged            |     6 |     2 |    14 |    45 ||    67

Table legend: (Time is in decaauts)
 A = Elapsed time spent in this place.
 B = Non-inter-level travel time spent in this place.
 C = Inter-level travel time spent in this place.
 D = Time resting spent in this place.
 E = Time spent auto-exploring this place.
 F = Levels seen in this place.
 G = Mean time per level.
                   A        B        C        D        E       F      G
               +--------+--------+--------+--------+--------+-----+--------+
         Total |   1910 |   1910 |      0 |   1013 |    221 |   1 | 1910.0 |
       Dungeon |   1910 |   1910 |      0 |   1013 |    221 |   1 | 1910.0 |
               +--------+--------+--------+--------+--------+-----+--------+

Top non-repeatable levels by time:
       D: 1910 daAuts
